 Dungeon Crawl Stone Soup version 0.28-a0-589-g333b8329f1 (webtiles) character file.

Game seed: 10685655418206304293

186 kipponium the Cutter (level 5, -3/47 HPs)
             Began as a Gnoll Cinder Acolyte on Oct 3, 2021.
             Was a High Priest of Ignis.
             Killed by divine providence
             ... invoked by an orc priest
              (14 damage)
             ... on level 3 of the Dungeon.
             The game lasted 00:07:24 (2983 turns).

kipponium the Cutter (Gnoll Cinder Acolyte)         Turns: 2983, Time: 00:07:26

Health: -3/47      AC:  2    Str: 13    XL:     5   Next: 66%
Magic:  0/9        EV: 11    Int: 15    God:    Ignis [*****.]
Gold:   43         SH:  0    Dex:  7    Spells: 7/10 levels left

rFire   + . .      SeeInvis .   e - +2 dagger (flame)
rCold   . . .      Faith    .   (no shield)
rNeg    . . .      Spirit   .   b - +0 robe
rPois   .          Reflect  .   (no helmet)
rElec   .          Harm     .   (no cloak)
rCorr   .          Rampage  .   (no gloves)
Will    .....                   (no boots)
Stlth   +.........              (no amulet)
HPRegen 0.15/turn               (no ring)
MPRegen 0.11/turn               (no ring)

@: no status effects
A: fangs 1, strong nose, distributed training
a: Renounce Religion, Sea of Fire, Foxfire Swarm, Rising Flame


You were on level 3 of the Dungeon.
You worshipped Ignis.
Ignis was extremely pleased with you.
You visited 1 branch of the dungeon, and saw 3 of its levels.

You collected 115 gold pieces.
You spent 72 gold pieces at shops.

Inventory:

Hand Weapons
 a - a -1 short sword of flaming
 e - a +2 dagger of flaming (weapon)
Armour
 b - a +0 robe (worn)
Scrolls
 c - a scroll of immolation {unknown}
 d - 2 scrolls of amnesia {unknown}
 f - a scroll of vulnerability {unknown}
 g - a scroll of summoning {unknown}
 i - 2 scrolls of teleportation {unknown}
 k - a scroll of magic mapping {unknown}
Potions
 h - a potion of cancellation {unknown}
 j - 2 potions of heal wounds
 l - a potion of mutation {unknown}


   Skills:
 + Level 6.7 Fighting
 + Level 6.7 Short Blades
 + Level 1.6 Long Blades
 + Level 1.6 Axes
 + Level 1.6 Maces & Flails
 + Level 1.6 Polearms
 + Level 1.6 Staves
 + Level 1.6 Slings
 + Level 1.6 Bows
 + Level 1.6 Crossbows
 + Level 1.6 Throwing
 + Level 1.6 Armour
 + Level 1.6 Dodging
 + Level 1.6 Stealth
 + Level 1.6 Shields
 + Level 1.6 Unarmed Combat
 + Level 3.2 Spellcasting
 + Level 1.2 Conjurations
 + Level 1.2 Hexes
 + Level 1.2 Summonings
 + Level 1.2 Necromancy
 + Level 1.2 Translocations
 + Level 1.2 Transmutations
 + Level 5.5 Fire Magic
 + Level 1.2 Ice Magic
 + Level 1.2 Air Magic
 + Level 1.2 Earth Magic
 + Level 1.2 Poison Magic
 + Level 1.8 Invocations
 + Level 1.6 Evocations


You had 7 spell levels left.
You knew the following spells:

 Your Spells              Type           Power      Damage    Failure   Level
a - Scorch                Fire           38%        2d6       3%          2
b - Animate Skeleton      Necr           12%        N/A       12%         1

Your spell library contained the following spells:

 Spells                   Type           Power      Damage    Failure   Level
 Apportation              Tloc           12%        N/A       12%         1
 Summon Small Mammal      Summ           24%        N/A       12%         1
 Static Discharge         Conj/Air       6%         N/A       17%         2
 Lightning Bolt           Conj/Air       3%         1d14      97%         5
 Maxwell's Capacitive Co  Air            3%         ∞         100%        8


Dungeon Overview and Level Annotations

Branches:
Dungeon (3/15)

Altars:

Shops:
D:2 !


Innate Abilities, Weirdness & Mutations

You have very sharp teeth.
Your uncanny sense of smell can sniff out nearby items.
Your experience applies equally to all skills.


Message History

You kill the hobgoblin!
You closely miss the orc priest. The orc priest barely misses you.
You hit the orc priest but do no damage.
You hit the orc priest. You burn the orc priest.
The orc priest is lightly wounded.
The orc priest hits you with a +0 club.
Casting: Scorch (safe; 3% risk of failure)
Confirm with . or Enter, or press ? or * to list all spells.
You don't have enough magic to cast this spell.
You hit the orc priest but do no damage.
The orc priest is lightly wounded.
The orc priest hits you with a +0 club.
You hit the orc priest but do no damage.
The orc priest is lightly wounded.
You hit the orc priest but do no damage.
The orc priest is lightly wounded.
The orc priest mumbles some strange prayers to Beogh against you.
Pain shoots through your body!
* * * LOW HITPOINT WARNING * * *
Casting: Scorch (safe; 3% risk of failure)
Confirm with . or Enter, or press ? or * to list all spells.
Flames lash the orc priest.
The orc priest is moderately wounded.
The orc priest's fire resistance burns away.
The orc priest hits you with a +0 club.
* * * LOW HITPOINT WARNING * * *
Flames leap up around you! The orc priest closely misses you.
You hit the orc priest but do no damage.
The orc priest is moderately wounded.
The foxfire hits the orc priest but does no damage.
The orc priest is moderately wounded.
The foxfire hits the orc priest but does no damage.
The orc priest is moderately wounded.
The foxfire hits the orc priest but does no damage.
The orc priest is moderately wounded.
The foxfire hits the orc priest but does no damage.
The orc priest is moderately wounded.
The orc priest calls down the wrath of Beogh upon you.
Beogh smites you!
You die...

# .... .# #.##... .#
.....g.#.## ###
....o..... ##.##
#.#....). ###....
#...(...#
#######...... #)#
#.......#####
##o###[#####.# #
#@vv##.#####.# #
#vvv##.##....# #
#§§§##.##.##.#####
#.###...##............
#..........)))...#.###
......................
#...........#.##.#.###
#.#........##.##.#.##
...#.#...#...........


You could see an orc priest (combustible, ally target).

Vanquished Creatures
  A phantom (D:2)
  An orc wizard (D:3)
  An adder (D:3)
  2 dart slugs
  5 orcs (D:3)
  6 endoplasms
  3 giant cockroaches
  6 goblins
  11 hobgoblins
  4 jackals (D:2)
  2 quokkas
  6 ball pythons
  2 bats
  2 frilled lizards
  4 kobolds
  6 rats
62 creatures vanquished.

Vanquished Creatures (others)
  23 foxfires
23 creatures vanquished.

Grand Total: 85 creatures vanquished

Notes
Turn   | Place    | Note
-------+----------+-------------------------------------------
     0 | D:1      | kipponium the Gnoll Cinder Acolyte began the quest for the
                  | Orb.
     0 | D:1      | Reached XP level 1. HP: 23/23 MP: 4/4
   169 | D:1      | Reached XP level 2. HP: 29/29 MP: 5/5
   246 | D:1      | Learned a level 2 spell: Scorch
   697 | D:1      | Reached XP level 3. HP: 33/35 MP: 1/7
  1509 | D:2      | Noticed a phantom
  1513 | D:2      | Killed a phantom
  1514 | D:2      | Reached skill level 1 in Long Blades
  1514 | D:2      | Reached skill level 1 in Axes
  1514 | D:2      | Reached skill level 1 in Maces & Flails
  1514 | D:2      | Reached skill level 1 in Polearms
  1514 | D:2      | Reached skill level 1 in Staves
  1514 | D:2      | Reached skill level 1 in Slings
  1514 | D:2      | Reached skill level 1 in Bows
  1514 | D:2      | Reached skill level 1 in Crossbows
  1514 | D:2      | Reached skill level 1 in Throwing
  1514 | D:2      | Reached skill level 1 in Armour
  1514 | D:2      | Reached skill level 1 in Dodging
  1514 | D:2      | Reached skill level 1 in Stealth
  1514 | D:2      | Reached skill level 1 in Shields
  1514 | D:2      | Reached skill level 1 in Unarmed Combat
  1514 | D:2      | Reached skill level 1 in Conjurations
  1514 | D:2      | Reached skill level 1 in Hexes
  1514 | D:2      | Reached skill level 1 in Summonings
  1514 | D:2      | Reached skill level 1 in Necromancy
  1514 | D:2      | Reached skill level 1 in Translocations
  1514 | D:2      | Reached skill level 1 in Transmutations
  1514 | D:2      | Reached skill level 1 in Ice Magic
  1514 | D:2      | Reached skill level 1 in Air Magic
  1514 | D:2      | Reached skill level 1 in Earth Magic
  1514 | D:2      | Reached skill level 1 in Poison Magic
  1514 | D:2      | Reached skill level 1 in Invocations
  1514 | D:2      | Reached skill level 1 in Evocations
  1514 | D:2      | Reached XP level 4. HP: 32/41 MP: 1/8
  1601 | D:2      | Reached XP level 5. HP: 47/47 MP: 4/9
  2175 | D:2      | Found Akkee's Distillery.
  2183 | D:2      | Bought a potion of heal wounds for 60 gold pieces
  2183 | D:2      | Bought a potion of degeneration for 12 gold pieces
  2625 | D:3      | Found a faded altar of an unknown god.
  2944 | D:3      | Learned a level 1 spell: Animate Skeleton
  2983 | D:3      | Killed from afar by an orc priest

Illustrated notes

Levels and vault maps discovered:
D:1:      kennysheep_arrival_seaside, layout_loops_corners, st_stairs_9
D:2:      layout_basic, serial_shops, shop
D:3:      layout_loops_cross, ebering_ecumenical_altar_sacrificial,
          minivault_14, uniq_jessica

Skill      XL: |  1  2  3 |
---------------+----------+-----
Long Blades    | 1 |  1.6
Axes           | 1 |  1.6
Maces & Flails | 1 |  1.6
Polearms       | 1 |  1.6
Staves         | 1 |  1.6
Slings         | 1 |  1.6
Bows           | 1 |  1.6
Crossbows      | 1 |  1.6
Throwing       | 1 |  1.6
Armour         | 1 |  1.6
Dodging        | 1 |  1.6
Stealth        | 1 |  1.6
Shields        | 1 |  1.6
Unarmed Combat | 1 |  1.6
Spellcasting   | 3 |  3.2
Conjurations   | 1 |  1.2
Hexes          | 1 |  1.2
Summonings     | 1 |  1.2
Necromancy     | 1 |  1.2
Translocations | 1 |  1.2
Transmutations | 1 |  1.2
Ice Magic      | 1 |  1.2
Air Magic      | 1 |  1.2
Earth Magic    | 1 |  1.2
Poison Magic   | 1 |  1.2
Invocations    | 1 |  1.8
Evocations     | 1 |  1.6
Fighting       | |  6.7
Short Blades   | |  6.7
Fire Magic     | |  5.5

Action                   |  1- 3 |  4- 6 || total
-------------------------+-------+-------++-------
Melee: Short sword       |    42 |       ||    42
       Bite              |     2 |     1 ||     3
       Dagger            |       |    27 ||    27
 Cast: Scorch            |    18 |    34 ||    52
       Animate Skeleton  |       |     1 ||     1
Invok: Foxfire Swarm     |     1 |     1 ||     2
Armor: Robe              |     4 |     1 ||     5
Dodge: Dodged            |    12 |    12 ||    24

Table legend: (Time is in decaauts)
 A = Elapsed time spent in this place.
 B = Non-inter-level travel time spent in this place.
 C = Inter-level travel time spent in this place.
 D = Time resting spent in this place.
 E = Time spent auto-exploring this place.
 F = Levels seen in this place.
 G = Mean time per level.
                   A        B        C        D        E       F      G
               +--------+--------+--------+--------+--------+-----+--------+
         Total |   2966 |   2886 |     80 |    611 |   1945 |   3 |  988.7 |
       Dungeon |   2966 |   2886 |     80 |    611 |   1945 |   3 |  988.7 |
               +--------+--------+--------+--------+--------+-----+--------+

Top non-repeatable levels by time:
     D:1: 1339 daAuts
     D:2: 1269 daAuts
     D:3: 357 daAuts
